 Dungeon Crawl Stone Soup version 0.17-a0-1-g1f4be75 (webtiles) character file.

243 McCoppin the Skirmisher (level 5, -5/44 HPs)
             Began as a Mummy Fighter on Mar 4, 2015.
             Killed from afar by an orc wizard (13 damage)
             ... with a puff of flame
             ... on level 3 of the Dungeon.
             The game lasted 00:09:57 (3691 turns).

McCoppin the Skirmisher (Mummy Fighter)             Turns: 3691, Time: 00:09:57

Health: -5/44      AC:  8    Str: 20    XL:     5   Next: 82%
Magic:  5/5        EV:  5    Int:  7    God:
Gold:   133        SH:  0    Dex: 11    Spells: 0 memorised, 4 levels left

rFire  x . .     SeeInvis .     e - +0 whip
rCold  + . .     Clarity  .     n - +0 chain mail
rNeg   + + +     SustAb   .     c - +0 shield
rPois  ∞         Gourm    .     (no helmet)
rElec  .         Spirit   .     (no cloak)
rCorr  .         Warding  .     (no gloves)
rMut   .         Stasis   .     (no boots)
MR     .....                    (no amulet)
Stlth  ..........               (no ring)
                                (no ring)

@: confused, very slightly contaminated, not resistant to hostile enchantments,
extremely unstealthy
A: no food or potions, fire vulnerability, restore body, cold resistance 1,
negative energy resistance 3, poison resistance, torment resistance, unbreathing
a: no special abilities


You were on level 3 of the Dungeon.
You were not hungry.

You visited 1 branch of the dungeon, and saw 4 of its levels.

You collected 133 gold pieces.

Inventory:

Hand weapons
 a - a +0 flail
 e - a +0 whip (weapon)
 g - a +2 dagger of venom
Missiles
 h - 66 stones (quivered)
Armour
 b - a +0 scale mail
 c - a +0 shield (worn)
 n - a +0 chain mail (worn)
Scrolls
 f - 3 scrolls of remove curse
 i - 3 scrolls of identify {unknown}
 j - 4 scrolls of teleportation {unknown}
 k - a scroll of fog {unknown}
 l - a scroll of magic mapping {unknown}
 m - 2 scrolls of fear {unknown}
Books
 o - a book of Debilitation

   Spells                             Type                      Level
   a - Corona                         Hexes                        1
   b - Slow                           Hexes                        2
   c - Inner Flame                    Hexes/Fire                   3
   d - Enslavement                    Hexes                        4
   e - Cause Fear                     Hexes                        4
   f - Leda's Liquefaction            Hexes/Earth                  4


   Skills:
 + Level 5.1 Fighting
 + Level 3.8 Maces & Flails
 - Level 2.4 Armour
 - Level 2.4 Shields


You had 4 spell levels left.
You didn't know any spells.

Dungeon Overview and Level Annotations

Branches:
Dungeon (4/15)
 Temple: D:4-7

Altars:


Innate Abilities, Weirdness & Mutations

You do not eat or drink.
Your flesh is vulnerable to fire.
Your flesh is cold resistant.
You are immune to negative energy.
Your system is resistant to poisons.
You are immune to unholy pain and torment.
You can survive without breathing.


Message History

The orc is heavily wounded.
Something hits you.
* * * LOW HITPOINT WARNING * * *
The orc hits you but does no damage.
Your shield and chain mail prevent you from hitting the orc.
The orc is heavily wounded.
Something completely misses you. The orc hits you but does no damage.
Something hits you but does no damage. The orc hits you but does no damage.
Your chain mail prevents you from hitting the orc.
The orc is moderately wounded.
You hear some strange, mumbled words.
You are confused.
The orc hits you.
* * * LOW HITPOINT WARNING * * *
You're too confused!
Unknown command.
You bump into the rock wall.
You hear some strange, mumbled words.
The puff of flame hits you! The fire burns you terribly!
You die...

)## ##.......##
#.......##.##.. ##
##.....##
####.#####.##.. #
##...## #.# #.##.. #
##'## #.# #.##.. # #.#
#.# #..... ##########.#
#.# ####.# #..........##
#.# #.#
#.#######...##########.#
#.# #.#
#.....#.o@{o....# ##.#
#.#######...##.#########
#... ......# #..###.#
#... #.###.###..###.#
#... #.# #..........#
#### #.#######..#####
#..........#
##########.# #.#


You could see 2 orcs.

Vanquished Creatures
  A black bear (D:3)
  3 adders
  2 giant mites
  4 worms
  2 giant geckos
  2 oozes
  7 orcs
  7 bats
  6 giant cockroaches
  10 goblins
  11 hobgoblins
  2 jackals (D:3)
  6 kobolds
  A quokka (D:2)
  6 giant newts
  6 rats
76 creatures vanquished.

Notes
Turn   | Place    | Note
--------------------------------------------------------------
     0 | D:1      | McCoppin, the Mummy Fighter, began the quest for the Orb.
     0 | D:1      | Reached XP level 1. HP: 18/18 MP: 1/1
   393 | D:1      | Reached XP level 2. HP: 21/24 MP: 2/2
  1220 | D:2      | Reached XP level 3. HP: 16/29 MP: 3/3
  1932 | D:2      | Reached skill level 4 in Fighting
  1932 | D:2      | Reached XP level 4. HP: 33/37 MP: 4/4
  2061 | D:2      | You fall through a shaft!
  2424 | D:3      | Noticed a black bear
  2434 | D:3      | Killed a black bear
  2434 | D:3      | Reached XP level 5. HP: 23/43 MP: 5/5
  3240 | D:3      | Reached skill level 5 in Fighting
  3691 | D:3      | Killed from afar by an orc wizard

Action                   |  1- 3 |  4- 6 || total
-------------------------+-------+-------++-------
Melee: Whip              |   215 |   237 ||   452
       Flail             |     3 |       ||     3
       Dagger            |       |     4 ||     4
Throw: Stone             |     4 |       ||     4
  Use: Scroll            |       |     2 ||     2
